 Dungeon Crawl Stone Soup version 0.24-a0-479-g9a978d2894 (webtiles) character file.

Game seed: 14674224323450264227

5756 DasRunzen the Fighter (level 10, -1/90 HPs)
             Began as a Minotaur Fighter on July 7, 2019.
             Was a High Priest of Okawaru.
             Killed by divine providence
             ... invoked by an orc priest
              (15 damage)
             ... on level 10 of the Dungeon.
             The game lasted 00:18:01 (7610 turns).

DasRunzen the Fighter (Minotaur Fighter)            Turns: 7610, Time: 00:18:02

Health: -1/90      AC: 10    Str: 28    XL:     10   Next: 49%
Magic:  13/13      EV:  9    Int:  5    God:    Okawaru [*****.]
Gold:   520        SH: 13    Dex: 11    Spells: 9/9 levels left

rFire    . . .     SeeInvis +   t - +12 whip "Coeteff" {protect, rN+ MR- SInv}
rCold    . . .     Gourm    .   m - +1 shield (curse)
rNeg     + . .     Faith    +   h - +2 scale mail {rPois}
rPois    +         Spirit   .   (helmet restricted)
rElec    .         Reflect  .   (no cloak)
rCorr    .         Harm     .   (no gloves)
MR       .....                  (no boots)
Stlth    ..........             b - amulet of faith
HPRegen  0.25/turn              s - ring of protection from magic
MPRegen  0.13/turn              L - +5 ring of strength

@: no status effects
A: retaliatory headbutt, horns 2
a: Heroism, Finesse, Renounce Religion


You were on level 10 of the Dungeon.
You worshipped Okawaru.
Okawaru was extremely pleased with you.
You were hungry.

You visited 1 branch of the dungeon, and saw 10 of its levels.
You also visited: Ossuary.

You collected 585 gold pieces.
You spent 65 gold pieces at shops.

Inventory:

Hand Weapons
 a - a +1 war axe
 t - the +12 whip "Coeteff" (weapon) {protect, rN+ MR- SInv}
   (You found it on level 4 of the Dungeon)

   It grants its wielder temporary protection when it strikes (+7 to AC).
   It protects you from negative energy.
   It affects your resistance to hostile enchantments.
   It lets you see invisible.
Armour
 h - a +2 scale mail of poison resistance (worn)
 m - a cursed +1 shield (worn)
Jewellery
 b - an amulet of faith (around neck)
 o - an uncursed ring of resist corrosion
 r - a +2 ring of dexterity
 s - a ring of protection from magic (left hand)
 u - a +5 ring of dexterity
 w - an uncursed ring of fire
 D - an uncursed ring of wizardry
 E - a +3 ring of protection
 I - an uncursed ring of wizardry
 K - a +3 amulet of reflection {unknown}
 L - a +5 ring of strength (right hand)
Wands
 q - a wand of acid (7)
 F - a wand of iceblast (14)
 H - a wand of flame (14)
 M - a wand of polymorph (12)
Scrolls
 c - 3 scrolls of fear
 n - 4 scrolls of remove curse
 x - a scroll of amnesia
 y - a scroll of blinking
 z - 2 scrolls of teleportation
 G - a scroll of enchant weapon
 J - 3 scrolls of identify
 N - a scroll of magic mapping
Potions
 d - a potion of might
 e - 4 potions of lignification
 g - a potion of resistance
 i - a potion of haste
 j - 2 potions of invisibility
 k - 9 potions of curing
 l - 4 potions of heal wounds
 p - 6 potions of mutation
 v - 2 potions of flight
 A - 2 potions of brilliance
 B - 2 potions of magic
 C - a potion of ambrosia
Comestibles
 f - 12 rations


   Skills:
 + Level 8.9 Fighting
 + Level 8.3(9.3) Axes
 + Level 6.6(8.5) Maces & Flails
 + Level 8.8 Armour
 + Level 8.8 Shields
 + Level 6.2 Invocations


You had 9 spell levels left.
You didn't know any spells.
Your spell library was empty.

Dungeon Overview and Level Annotations

Branches:
Dungeon (10/15)            Temple (0/1) D:7
   Lair: D:8-11         Orc: D:9-12

Altars:
Elyvilon
Gozag
Hepliaklqana
Makhleb
Okawaru
Ru
Wu Jian
Xom
Yredelemnul
Zin
The Shining One

Shops:
D:5 *   D:9 *


Innate Abilities, Weirdness & Mutations

You reflexively headbutt those who attack you in melee.
You have a pair of horns on your head.


Message History

An orc warrior opens the door.
You whack the human! Your headbutt misses the human.
The human is moderately wounded.
The human hits you but does no damage.
You miss the human.
The human is moderately wounded.
The orc warrior hits you from afar with a +0 trident.
* * * LOW HITPOINT WARNING * * *
The human closely misses you.
Unknown command.
The orc priest looks braver for a moment.
The orc warrior closely misses you.
The orc priest invokes the aid of Beogh against you.
Beogh smites you!
* * * LOW HITPOINT WARNING * * *
The orc priest looks encouraged for a moment.
There is an open door here.
The orc priest calls down the wrath of Beogh upon you.
Beogh smites you!
You die...

#......#.#......#
...#.......##......#####
#.....#####...........
##.......##.#'###.....
#.#.....#.#.#.<.+.....
#..#...#..#.#...#.....
## #...#.#...#.#...#
##+# .#
#####.....#.#....
.##+##...#.#...#@#...##
.....#..#...#..#.#...#
.....#.#.....#.#p#...#
.######.......##.#...#
.## #.....#####o# ..#
##.......##o# ..#
#.#.....#.#.# ..#
#..#...#..#o#######
###+##...#.#...#.o......


You could see a human, 2 orc warriors and an orc priest.

Vanquished Creatures
  A two-headed ogre (D:9)
  Maurice (D:8)
  Psyche (D:8)
  A troll (D:10)
  A merfolk (D:9)
  A hippogriff (D:8)
  A shadow (D:8)
  A steam dragon (D:7)
  A water moccasin (D:8)
  An orc warrior (D:7)
  A sky beast (D:7)
  An ice beast (D:6)
  The ghost of Zero the Chopper, an amateur HOFi (D:4)
  2 ogres
  A phantom (D:7)
  3 centaurs
  A crocodile (D:8)
  3 bullfrogs
  3 scorpions
  11 wights
  A howler monkey (D:4)
  5 crimson imps
  A bullfrog zombie (D:6)
  3 hounds
  2 centaur zombies
  A centaur skeleton (D:8)
  7 orc priests
  A gnoll shaman (D:6)
  13 orc wizards
  3 iguanas
  6 worker ants
  A big kobold zombie (Ossuary)
  3 centaur simulacra (D:4)
  A hound zombie (D:8)
  4 mummies (Ossuary)
  2 worker ant zombies
  12 gnolls (D:6)
  9 adders
  A shadow imp (D:5)
  A white imp (D:4)
  A worker ant simulacrum (D:4)
  An adder skeleton (D:7)
  5 worms
  3 dart slugs
  4 leopard geckos
  38 orcs
  3 ball pythons
  7 bats
  5 giant cockroaches
  A gnoll zombie (Ossuary)
  12 goblins
  11 hobgoblins
  8 jackals
  4 quokkas
  6 frilled lizards
  A hobgoblin zombie (Ossuary)
  9 kobolds
  2 kobold zombies (Ossuary)
  2 leopard gecko simulacra (D:4)
  A leopard gecko zombie (D:5)
  2 orc zombies (Ossuary)
  7 rats
247 creatures vanquished.

Vanquished Creatures (others)
  An orc wizard (D:8)
  A dart slug (D:2)
2 creatures vanquished.

Grand Total: 249 creatures vanquished

Notes
Turn   | Place    | Note
-------+----------+-------------------------------------------
     0 | D:1      | DasRunzen the Minotaur Fighter began the quest for the Orb.
     0 | D:1      | Reached XP level 1. HP: 19/19 MP: 0/0
   176 | D:1      | Reached XP level 2. HP: 21/27 MP: 1/1
   494 | D:1      | Reached XP level 3. HP: 33/33 MP: 2/2
   622 | D:2      | Found an iron altar of Okawaru.
   629 | D:2      | Became a worshipper of Warmaster Okawaru
   707 | D:2      | Found a faded altar of an unknown god.
   813 | D:2      | Found a white marble altar of Elyvilon.
   854 | D:2      | Reached XP level 4. HP: 41/41 MP: 3/3
  1426 | D:3      | Reached skill level 1 in Invocations
  1613 | D:3      | Reached XP level 5. HP: 47/47 MP: 4/4
  1795 | D:3      | Found a sacrificial altar of Ru.
  2213 | D:4      | Reached * piety under Okawaru
  2213 | D:4      | Reached skill level 5 in Armour
  2248 | D:4      | Reached skill level 5 in Shields
  2257 | D:4      | Found a runed translucent gate.
  2257 | D:4      | Found a runed translucent gate.
  2257 | D:4      | Found a runed translucent gate.
  2297 | D:4      | Reached XP level 6. HP: 55/55 MP: 6/6
  2306 | D:4      | Reached skill level 5 in Fighting
  2334 | D:4      | Noticed Zero's ghost (amateur HOFi)
  2902 | D:4      | Reached XP level 7. HP: 37/61 MP: 7/7
  2927 | D:4      | Found a glowing golden altar of the Shining One.
  2934 | D:4      | Got a transparent whip
  2935 | D:4      | Identified the +12 whip "Coeteff" {protect, rN+ MR- SInv}
                  | (You found it on level 4 of the Dungeon)
  3028 | D:4      | Noticed an angel
  3033 | D:4      | Found a basalt altar of Yredelemnul.
  3035 | D:4      | Noticed a profane servitor
  3168 | D:5      | Entered Level 5 of the Dungeon
  3342 | D:5      | Reached skill level 1 in Maces & Flails
  3370 | D:5      | Reached ** piety under Okawaru
  3370 | D:5      | Reached skill level 5 in Axes
  3506 | D:4      | Killed Zero's ghost
  3729 | D:5      | Found Wuel's General Store.
  3736 | D:5      | Reached XP level 8. HP: 60/70 MP: 9/9
  3740 | D:5      | Bought a potion of heal wounds for 65 gold pieces
  4141 | D:6      | Found a sand-covered staircase.
  4154 | Ossuary  | Entered an ossuary
  4452 | D:6      | Reached *** piety under Okawaru
  4664 | D:6      | Found an opulent altar of Gozag.
  4963 | D:7      | Found a hazy altar of Hepliaklqana.
  4969 | D:7      | Found an ornate altar of the Wu Jian Council.
  5155 | D:7      | Found a staircase to the Ecumenical Temple.
  5161 | D:7      | Reached XP level 9. HP: 71/79 MP: 11/11
  5276 | D:7      | Found a burning altar of Makhleb.
  5276 | D:7      | Noticed a cacodemon
  5279 | D:7      | Found a glowing silver altar of Zin.
  5279 | D:7      | Noticed an angel
  5412 | D:7      | Reached **** piety under Okawaru
  5966 | D:8      | Noticed Psyche
  5977 | D:8      | Killed Psyche
  5977 | D:8      | Reached skill level 5 in Maces & Flails
  5977 | D:8      | Reached skill level 5 in Invocations
  6131 | D:8      | Noticed Maurice
  6143 | D:8      | Killed Maurice
  6143 | D:8      | Reached ***** piety under Okawaru
  6161 | D:8      | Reached XP level 10. HP: 81/88 MP: 13/13
  6229 | D:8      | Found a shimmering altar of Xom.
  6696 | D:9      | Noticed a two-headed ogre
  7045 | D:9      | Killed a two-headed ogre
  7067 | D:9      | Found Jakow's Serpentskin Sales.
  7395 | D:10     | Entered Level 10 of the Dungeon
  7610 | D:10     | Killed from afar by an orc priest

Levels and vault maps discovered:
D:1:      dpeg_arrival_erosion, layout_basic, minmay_tromino_v2
D:2:      layout_basic, elyvilon_altar_4, okawaru_metal_pillars_1_2,
          first_ration, chequers_ecumenical_altar_grove
D:3:      layout_basic, lemuel_round_altar, grunt_ministairs_13,
          minmay_goblin_outpost
D:4:      layout_loops_ring, grunt_temple_overflow_holy_war, gammafunk_ghost_icy
D:5:      layout_cave_pools, serial_shops, kennysheep_little_box
D:6:      layout_basic, grunt_gozag_statues, chequers_ossuary_entry_cave
D:7:      layout_loops_ring, grunt_temple_overflow_order_and_chaos_2,
          minitemple, minmay_temple_entry_poolview
D:8:      layout_loops_ring, tgw_xom, uniq_psyche, uniq_maurice
D:9:      layout_rooms, hangedman_fish_farm, guppyfry_shop_venom
D:10:     layout_gridville, erik_orc_4, hangedman_decor_diamond_cutter

Skill      XL: |  1  2  3  4  5  6  7  8  9 10 |
---------------+-------------------------------+-----
Shields        | 4 5 6 7 8 |  8.8
Fighting       | 4 5 6 7 8 |  8.9
Armour         | 4 5 6 7 8 |  8.8
Axes           | 3 4 5 6 7 8 |  8.3
Invocations    | 1 2 3 4 5 6 |  6.2
Maces & Flails | 2 4 5 6 |  6.6

Action                   |  1- 3 |  4- 6 |  7- 9 | 10-12 || total
-------------------------+-------+-------+-------+-------++-------
Melee: War axe           |    90 |   164 |     1 |       ||   255
       Headbutt          |    14 |    34 |    61 |    18 ||   127
       Whip              |       |       |   313 |    88 ||   401
Invok: Heroism           |       |       |     1 |     2 ||     3
  Use: Scroll            |     5 |     5 |    12 |     3 ||    25
       Potion            |       |     1 |       |       ||     1
  Eat: Chunk             |       |     6 |    11 |     4 ||    21
Armor: Scale mail        |    33 |    64 |   107 |    22 ||   226
Dodge: Dodged            |    34 |    38 |    65 |    24 ||   161
Block: Shield            |    50 |    75 |   119 |    57 ||   301

Table legend:
 A = Non-vault XP
 B = Vault XP
 C = Vault XP percentage of total XP
 D = Non-vault monster count
 E = Vault monster count
 F = Vault count percentage of total count
                 A         B        C        D         E       F
            +---------+---------+-------+---------+---------+-------
      Total |    6448 |    1776 |  21.6 |     203 |      45 |  18.1
            +---------+---------+-------+---------+---------+-------
        D:1 |      38 |       4 |   9.5 |      23 |       2 |   8.0
        D:2 |      77 |       0 |   0.0 |      20 |       0 |   0.0
        D:3 |     102 |      20 |  16.4 |      24 |      11 |  31.4
        D:4 |     555 |     218 |  28.2 |      27 |       8 |  22.9
        D:5 |     413 |       0 |   0.0 |      13 |       0 |   0.0
        D:6 |     893 |       0 |   0.0 |      35 |       0 |   0.0
        D:7 |    1081 |       0 |   0.0 |      17 |       0 |   0.0
        D:8 |    1373 |    1046 |  43.2 |      25 |       5 |  16.7
        D:9 |    1368 |     289 |  17.4 |      15 |       3 |  16.7
       D:10 |     548 |      47 |   7.9 |       4 |       4 |  50.0
    Ossuary |       0 |     152 | 100.0 |       0 |      12 | 100.0
            +---------+---------+-------+---------+---------+-------
